 Dungeon Sprint DCSS version 0.24-a0-246-gb963c9a (webtiles) character file.

Game seed: 17600948667838336885

35 MikeHunt the Distorting Ant (level 3, -1/29 HPs)
             Began as a Formicid Abyssal Knight on Apr 12, 2019.
             Was a Believer of Lugonu.
             Slain by a human (6 damage)
             ... in the Dungeon (Sprint III: "The Ten Rune Challenge").
             The game lasted 00:01:15 (105 turns).

MikeHunt the Distorting Ant (FoAK)                   Turns: 105, Time: 00:01:16

Health: -1/29      AC:  5    Str: 16    XL:     3   Next: 55%
Magic:  6/7        EV: 10    Int: 11    God:    Lugonu [**....]
Gold:   11         SH:  0    Dex: 11    Spells: 2/2 levels left

rFire    . . .     SeeInvis +   a - +1 spear
rCold    . . .     Gourm    .   (no shield)
rNeg     . . .     Faith    .   j - +0 ring mail
rPois    .         Spirit   .   (helmet unavailable)
rElec    .         Reflect  .   (no cloak)
rCorr    .         Harm     .   (no gloves)
MR       .....                  (no boots)
Stlth    +.........             (no amulet)
HPRegen  0.09/turn              (no ring)
MPRegen  0.10/turn              (no ring)

@: no status effects
A: permanent stasis, dig shafts and tunnels, four strong arms, antennae 3
a: Dig, Bend Space, Renounce Religion


You were in the Dungeon.
You worshipped Lugonu.
Lugonu was pleased with you.
You were not hungry.

You visited 1 branch You collected 11 gold pieces.

Inventory:

Hand Weapons
 a - a +1 spear (weapon)
Armour
 b - a +0 leather armour
 j - a +0 ring mail (worn)
Scrolls
 i - a scroll of blinking
Potions
 f - a potion of haste
 g - 2 potions of magic
 h - a potion of berserk rage
Comestibles
 c - a ration


   Skills:
 - Level 3.2 Fighting
 + Level 4.8 Polearms
 - Level 2.1 Armour
 - Level 0.8 Dodging
 + Level 5.7 Invocations


You had 2 spell levels left.
You didn't know any spells.
Your spell library was empty.

Dungeon Overview and Level Annotations

Branches:
Dungeon (1/1)

Altars:


Innate Abilities, Weirdness & Mutations

You cannot be hasted, slowed, berserked, paralysed or teleported.
You can dig through walls and to a lower floor.
Your four strong arms can wield two-handed weapons with a shield.
You have a pair of large antennae on your head. (SInv)


Message History

The human is almost dead.
Attack whom?
Press: ? - help, Dir - move target cursor, f/p - human
Aim: a human (almost dead)
You hit the human.
The human is almost dead.
Attack whom?
Press: ? - help, Dir - move target cursor, f/p - human
Aim: a human (almost dead)
You closely miss the human.
The human is almost dead.
The human hits you.
* * * LOW HITPOINT WARNING * * *
Attack whom?
Press: ? - help, Dir - move target cursor, f/p - human
Aim: a human (almost dead)
You closely miss the human.
The human is almost dead.
The human hits you.
You die...

▓▓▓▓▓▓▓▓▓
▓<..#...####
▓...#......##
▓..##.......#
▓##.##.##...# .#
##.##.###@.# ..#
▓#.####[##p.# ...+
▓.###..##..##
#p..# ▓#.....##..#
#....#
###..##...##.....#
##..##....#......#
#..###..##.# {
#..# #..#### ▓▓▓▓
▓▓▓▓


You could see a human.

Vanquished Creatures
  Jessica (D)
  2 oozes (D)
3 creatures vanquished.

Vanquished Creatures (others)
  4 hellions (D)
4 creatures vanquished.

Grand Total: 7 creatures vanquished

Notes
Turn   | Place    | Note
-------+----------+-------------------------------------------
     0 | D        | MikeHunt the Formicid Abyssal Knight began the quest for
                  | the Orb.
     0 | D        | Reached XP level 1. HP: 18/18 MP: 2/2
     9 | D        | Reached skill level 3 in Invocations
    16 | D        | Reached ** piety under Lugonu
    16 | D        | Reached skill level 4 in Invocations
    16 | D        | Reached XP level 2. HP: 18/24 MP: 3/5
    39 | D        | Noticed Jessica
    48 | D        | Killed Jessica
    48 | D        | Reached skill level 5 in Invocations
    48 | D        | Reached XP level 3. HP: 25/29 MP: 7/7
    88 | D        | Killed a hellion
    98 | D        | Killed a hellion
    98 | D        | Killed a hellion
    98 | D        | Killed a hellion
   105 | D        | Slain by a human

Levels and vault maps discovered:
D:        dungeon_sprint_mu [sprint_mu_entry_cave, sprint_mu_temple_rooms,
          sprint_mu_d1_horrors, sprint_mu_d2_genie, sprint_mu_d3_branching,
          sprint_mu_orc_legion, sprint_mu_elf_gauntlet, sprint_mu_hive_nellie,
          sprint_mu_lair_fedhas, sprint_mu_vaults_butterflies,
          sprint_mu_slime_circle, sprint_mu_shoals_archi,
          sprint_mu_snake_twists, sprint_mu_blade_basic,
          sprint_mu_crypt_chambers, sprint_mu_tomb_spiral,
          sprint_mu_vestibule_basic, sprint_mu_gehenna_hellfire,
          sprint_mu_dis_giant, sprint_mu_tartarus_statrot,
          sprint_mu_cocytus_islands, sprint_mu_zot1]

Skill      XL: |  1  2 |
---------------+-------+-----
Polearms       | 3 4 |  4.8
Invocations    | 4 5 |  5.7
Fighting       | |  3.2
Armour         | |  2.1
Dodging        | |  0.8

Action                   || total
-------------------------++-------
Melee: Spear             ||    34
Invok: Bend Space        ||     4
  Use: Potion            ||     2
Armor: Leather armour    ||     1
       Ring mail         ||     4
Dodge: Dodged            ||     8

Table legend:
 A = Non-vault XP
 B = Vault XP
 C = Vault XP percentage of total XP
 D = Non-vault monster count
 E = Vault monster count
 F = Vault count percentage of total count
                 A         B        C        D         E       F
            +---------+---------+-------+---------+---------+-------
      Total |       0 |      51 | 100.0 |       0 |       3 | 100.0
            +---------+---------+-------+---------+---------+-------
          D |       0 |      51 | 100.0 |       0 |       3 | 100.0
            +---------+---------+-------+---------+---------+-------
